Peoria Rivermen vs Atlantic City Gamblers
Created - Sunday, September 3, 2023 at 06:46
Goals
|
| Peoria Rivermen |
5 |
0 |
0 |
5 |
| Atlantic City Gamblers |
0 |
0 |
1 |
1 |
|
Shots
|
| Peoria Rivermen |
14 |
2 |
14 |
30 |
| Atlantic City Gamblers |
2 |
6 |
18 |
26 |
|
1st period
1. Peoria Rivermen , Sasha Chmelevski 5 (Dakota Joshua 6, Ryan Lomberg 2) at 3:41 (PP)
2. Peoria Rivermen , Sasha Chmelevski 6 (Dakota Joshua 7, Tyler Pitlick 6) at 11:44 (PP)
3. Peoria Rivermen , Oskar Sundqvist 4 (Tyler Tucker 2) at 13:31
4. Peoria Rivermen , Dakota Joshua 1 (Sasha Chmelevski 4, Ryan Lomberg 3) at 13:56
5. Peoria Rivermen , Oskar Sundqvist 5 (Yegor Zamula 3) at 14:29
Penalties :
Filip Roos (ACG) for Holding Stick (Minor) at 1:57, Tyler Tucker (PRM) for Holding (Minor) at 8:21, Linus Karlsson (ACG) for High sticking (Minor) at 10:29, Jean-Luc Foudy (ACG) for Fighting (Major) at 13:44, Tyler Tucker (PRM) for Fighting (Major) at 13:44, Cal Foote (ACG) for High sticking (Minor) at 14:34, Linus Karlsson (ACG) for Fighting (Major) at 19:11, Connor Mackey (PRM) for Fighting (Major) at 19:11, Connor Mackey (PRM) for instigated a fight (Minor) at 19:11, Connor Mackey (PRM) for instigated a fight (10 Minutes Misconduct) at 19:11
2nd period
No Goal
Penalties :
Jakub Lauko (ACG) for Fighting (Major) at 9:46, Niko Mikkola (PRM) for Fighting (Major) at 9:46, Ryan Lomberg (PRM) for Roughing (Minor) at 10:17, Georgii Merkulov (PRM) for Roughing (Double Minor) at 15:43
3rd period
6. Atlantic City Gamblers , Boris Katchouk 3 (Nils Hoglander 5, Filip Roos 3) at 3:17 (PP)
Penalties :
Nick Foligno (ACG) for Fighting (Major) at 3:09, Matthew Kessel (PRM) for Fighting (Major) at 3:09, Matthew Kessel (PRM) for instigated a fight (Minor) at 3:09, Matthew Kessel (PRM) for instigated a fight (10 Minutes Misconduct) at 3:09, Boris Katchouk (ACG) for Fighting (Major) at 4:59, Connor Mackey (PRM) for Fighting (Major) at 4:59, Ronnie Attard (ACG) for Fighting (Major) at 6:50, Ryan Lomberg (PRM) for Fighting (Major) at 6:50, Thomas Harley (ACG) for Fighting (Major) at 9:10, Radim Zohorna (PRM) for Fighting (Major) at 9:10, Nick Foligno (ACG) for Slashing (Minor) at 13:04, Ronnie Attard (ACG) for Fighting (Major) at 17:44, Yegor Zamula (PRM) for Fighting (Major) at 17:44, Thomas Harley (ACG) for Fighting (Major) at 19:18, Jalen Chatfield (PRM) for Fighting (Major) at 19:18, Niko Mikkola (PRM) for High sticking (Double Minor) at 19:21
Goalie Stats
Zachary Fucale (PRM), 25 saves from 26 shots - (0.962), W, 3-2-1, 60:00 minutes
Brian Elliott (ACG), 25 saves from 30 shots - (0.833), L, 3-4-0, 60:00 minutes
Players Stats for Peoria Rivermen
Player Name G A P +/- PIM S H SB GA TA FO MP PP MP PK MP
------------------------------------------------------------------------------------
Connor Mackey 0 0 0 2 22 0 3 0 0 0 0/0 16:52 3:30 3:23
Curtis Lazar 0 0 0 0 0 4 1 0 0 0 9/15 18:35 3:04 4:46
Dakota Joshua 1 2 3 1 0 2 3 0 0 0 10/25 21:36 3:47 4:56
Georgii Merkulov 0 0 0 0 4 0 3 0 2 0 0/1 10:20 0:33 0:02
Jakob Pelletier 0 0 0 0 0 3 2 0 0 1 0/0 12:32 0:06 0:39
Jalen Chatfield 0 0 0 1 5 1 0 3 0 1 0/0 24:52 3:27 4:38
Jesper Froden 0 0 0 0 0 4 3 0 0 1 0/1 15:11 0:06 1:53
Jonas Rondbjerg 0 0 0 0 0 0 1 0 0 0 0/0 6:49 0:00 0:00
Jonathan Gruden 0 0 0 0 0 0 1 0 0 0 0/0 6:49 0:00 0:00
Matthew Kessel 0 0 0 0 17 1 2 2 0 0 0/0 13:42 0:06 4:03
Niko Mikkola 0 0 0 1 9 1 2 0 0 2 0/0 23:21 3:27 3:51
Oskar Sundqvist 2 0 2 2 0 3 0 0 0 0 5/10 12:33 0:00 0:44
Radim Zohorna 0 0 0 2 5 1 0 0 0 0 0/0 12:55 2:37 0:00
Ryan Lomberg 0 2 2 1 7 2 1 1 1 1 0/3 18:47 3:47 3:41
Sasha Chmelevski 2 1 3 1 0 4 0 0 1 0 0/0 21:28 3:47 4:43
Tyler Pitlick 0 1 1 2 0 3 2 0 1 0 0/2 14:52 3:04 0:00
Tyler Tucker 0 1 1 1 7 0 2 0 0 3 0/0 17:30 2:18 3:45
Yegor Zamula 0 1 1 1 5 1 0 1 0 4 0/0 20:21 1:06 1:44
Players Stats for Atlantic City Gamblers
Player Name G A P +/- PIM S H SB GA TA FO MP PP MP PK MP
------------------------------------------------------------------------------------
Alex Beaucage 0 0 0 0 0 0 1 0 0 0 0/0 8:12 0:00 0:00
Alexander Holtz 0 0 0 0 0 0 0 0 2 0 0/0 10:15 0:54 0:00
Boris Katchouk 1 0 1 -2 5 3 1 0 1 1 1/3 12:53 1:47 0:16
Cal Foote 0 0 0 -2 2 3 0 1 1 2 0/0 25:28 5:00 2:12
Egor Sokolov 0 0 0 0 0 1 3 0 0 0 0/2 11:24 1:06 0:00
Fabian Zetterlund 0 0 0 -2 0 5 2 0 3 0 0/0 21:09 4:55 3:22
Filip Roos 0 1 1 0 2 0 2 1 0 0 0/0 20:44 5:24 2:41
Hendrix Lapierre 0 0 0 0 0 4 1 0 0 0 1/2 8:12 0:00 0:00
Jakub Lauko 0 0 0 -2 5 1 2 0 1 1 0/0 15:42 3:40 0:00
Jean-Luc Foudy 0 0 0 0 5 1 0 0 0 0 8/15 17:18 4:55 0:08
Linus Karlsson 0 0 0 0 7 0 1 0 0 0 3/5 10:40 0:18 1:03
Nick Foligno 0 0 0 -1 7 0 1 0 3 0 17/25 17:52 4:45 2:24
Nicolas Hague 0 0 0 -2 0 0 1 0 1 0 0/0 26:40 5:01 3:10
Nils Hoglander 0 1 1 -1 0 1 3 1 0 0 2/2 20:07 4:53 3:22
Ronnie Attard 0 0 0 -1 10 0 0 0 0 0 0/0 12:08 0:35 0:23
Simon Edvinsson 0 0 0 -1 0 0 2 0 0 0 0/0 15:11 0:38 2:19
Thomas Harley 0 0 0 0 10 2 1 1 0 1 0/0 19:02 4:46 3:20
Yegor Chinakhov 0 0 0 -1 0 5 0 1 1 0 1/3 20:04 4:53 3:19
3 Stars
1 - Sasha Chmelevski (PRM)
2 - Dakota Joshua (PRM)
3 - Oskar Sundqvist (PRM)
Power Play
Peoria Rivermen - 2 on 4 Attempt(s) - 50.00%
Atlantic City Gamblers - 1 on 8 Attempt(s) - 12.50%
Penalty Kill
Peoria Rivermen - 7 on 8 Attempt(s) - 87.50%
- Score 0 goal in Penalty Kill
Atlantic City Gamblers - 2 on 4 Attempt(s) - 50.00%
- Score 0 goal in Penalty Kill
Team Stat
Peoria Rivermen - Hits : 26 - Faceoff Wins : 24 - Blocked Shots : 7 - Penalty Minutes : 81
Atlantic City Gamblers - Hits : 21 - Faceoff Wins : 33 - Blocked Shots : 5 - Penalty Minutes : 53
Official
Referees : Evgeny Romasko and Kevin Pollock
Linesman : Mark Shewchyk and Pierre Racicot
Game Notes
Jean-Luc Foudy beats up Tyler Tucker at 13:44 of 1st period
Connor Mackey beats up Linus Karlsson at 19:11 of 1st period
Jakub Lauko and Niko Mikkola fight to a draw at 9:46 of 2nd period
Nick Foligno beats up Matthew Kessel at 3:09 of 3rd period
Boris Katchouk and Connor Mackey fight to a draw at 4:59 of 3rd period
Ronnie Attard and Ryan Lomberg fight to a draw at 6:50 of 3rd period
Thomas Harley beats up Radim Zohorna at 9:10 of 3rd period
Yegor Zamula beats up Ronnie Attard at 17:44 of 3rd period
Thomas Harley and Jalen Chatfield fight to a draw at 19:18 of 3rd period
Peoria Rivermen
5 vs 5 Forward
Center Left Wing Right Wing Time % Phy DF OF
1 Dakota Joshua Ryan Lomberg Sasha Chmelevski 30 1 2 2
2 Oskar Sundqvist Radim Zohorna Tyler Pitlick 30 1 2 2
3 Curtis Lazar Jakob Pelletier Jesper Froden 25 1 2 2
4 Georgii Merkulov Jonathan Gruden Jonas Rondbjerg 15 1 2 2
5 vs 5 Defense
Defense Defense Time % Phy DF OF
1 Niko Mikkola Jalen Chatfield 35 1 2 2
2 Connor Mackey Tyler Tucker 35 1 2 2
3 Yegor Zamula Matthew Kessel 30 1 2 2
4 Niko Mikkola Jalen Chatfield 0 1 2 2
PowerPlay Forward
Center Left Wing Right Wing Time % Phy DF OF
1 Dakota Joshua Ryan Lomberg Sasha Chmelevski 50 1 2 2
2 Curtis Lazar Radim Zohorna Tyler Pitlick 50 1 2 2
PowerPlay Defense
Defense Defense Time % Phy DF OF
1 Niko Mikkola Jalen Chatfield 50 1 2 2
2 Connor Mackey Tyler Tucker 50 1 2 2
Penalty Kill 4 Players Forward
Center Wing Time % Phy DF OF
1 Dakota Joshua Sasha Chmelevski 50 1 2 2
2 Curtis Lazar Ryan Lomberg 50 1 2 2
Penalty Kill 4 Players Defense
Defense Defense Time % Phy DF OF
1 Niko Mikkola Jalen Chatfield 50 1 2 2
2 Connor Mackey Tyler Tucker 50 1 2 2
Penalty Kill - 3 Players Forward
Forward Time % Phy DF OF
1 Dakota Joshua 50 1 2 2
2 Sasha Chmelevski 50 1 2 2
Penalty Kill - 3 Players Defense
Defense Defense Time % Phy DF OF
1 Niko Mikkola Jalen Chatfield 50 1 2 2
2 Connor Mackey Tyler Tucker 50 1 2 2
4 vs 4 Forward
Center Wing Time % Phy DF OF
1 Dakota Joshua Sasha Chmelevski 50 1 2 2
2 Curtis Lazar Ryan Lomberg 50 1 2 2
4 vs 4 Defense
Defense Defense Time % Phy DF OF
1 Niko Mikkola Jalen Chatfield 50 1 2 2
2 Connor Mackey Tyler Tucker 50 1 2 2
Last Minutes Offensive
Center Left Wing Right Wing Defense Defense
Dakota Joshua Ryan Lomberg Sasha Chmelevski Niko Mikkola Jalen Chatfield
Last Minutes Defensive
Center Left Wing Right Wing Defense Defense
Dakota Joshua Ryan Lomberg Sasha Chmelevski Niko Mikkola Jalen Chatfield
Goaltenders
Starting : Zachary Fucale
Backup : Unknown Goalie
Extra Forwards
Normal : Georgii Merkulov, Jakob Pelletier, Jesper Froden - PP : Georgii Merkulov, Jakob Pelletier - PK : Jesper Froden
Extra Defensemen
Normal : Yegor Zamula, Matthew Kessel, Connor Mackey - PP : Yegor Zamula - PK : Matthew Kessel, Connor Mackey
Penalty Shots
Dakota Joshua, Sasha Chmelevski, Curtis Lazar, Ryan Lomberg, Tyler Pitlick
Atlantic City Gamblers
5 vs 5 Forward
Center Left Wing Right Wing Time % Phy DF OF
1 Nick Foligno Yegor Chinakhov Nils Hoglander 30 1 2 2
2 Jean-Luc Foudy Fabian Zetterlund Jakub Lauko 30 1 2 2
3 Linus Karlsson Boris Katchouk Alexander Holtz 25 1 2 2
4 Hendrix Lapierre Egor Sokolov Alex Beaucage 15 1 2 2
5 vs 5 Defense
Defense Defense Time % Phy DF OF
1 Nicolas Hague Cal Foote 30 1 2 2
2 Thomas Harley Filip Roos 30 1 2 2
3 Ronnie Attard Simon Edvinsson 25 1 2 2
4 Nicolas Hague Cal Foote 15 1 2 2
PowerPlay Forward
Center Left Wing Right Wing Time % Phy DF OF
1 Nick Foligno Yegor Chinakhov Nils Hoglander 50 1 2 2
2 Jean-Luc Foudy Fabian Zetterlund Jakub Lauko 50 1 2 2
PowerPlay Defense
Defense Defense Time % Phy DF OF
1 Nicolas Hague Cal Foote 50 1 2 2
2 Thomas Harley Filip Roos 50 1 2 2
Penalty Kill 4 Players Forward
Center Wing Time % Phy DF OF
1 Nick Foligno Yegor Chinakhov 50 1 2 2
2 Nils Hoglander Fabian Zetterlund 50 1 2 2
Penalty Kill 4 Players Defense
Defense Defense Time % Phy DF OF
1 Nicolas Hague Cal Foote 50 1 2 2
2 Thomas Harley Filip Roos 50 1 2 2
Penalty Kill - 3 Players Forward
Forward Time % Phy DF OF
1 Nick Foligno 50 1 2 2
2 Yegor Chinakhov 50 1 2 2
Penalty Kill - 3 Players Defense
Defense Defense Time % Phy DF OF
1 Nicolas Hague Cal Foote 50 1 2 2
2 Thomas Harley Filip Roos 50 1 2 2
4 vs 4 Forward
Center Wing Time % Phy DF OF
1 Nick Foligno Yegor Chinakhov 50 1 2 2
2 Nils Hoglander Fabian Zetterlund 50 1 2 2
4 vs 4 Defense
Defense Defense Time % Phy DF OF
1 Nicolas Hague Cal Foote 50 1 2 2
2 Thomas Harley Filip Roos 50 1 2 2
Last Minutes Offensive
Center Left Wing Right Wing Defense Defense
Nick Foligno Yegor Chinakhov Nils Hoglander Nicolas Hague Cal Foote
Last Minutes Defensive
Center Left Wing Right Wing Defense Defense
Nick Foligno Yegor Chinakhov Nils Hoglander Nicolas Hague Cal Foote
Goaltenders
Starting : Brian Elliott
Backup : Isaiah Saville
Extra Forwards
Normal : Boris Katchouk, Egor Sokolov, Linus Karlsson - PP : Boris Katchouk, Egor Sokolov - PK : Linus Karlsson
Extra Defensemen
Normal : Ronnie Attard, Simon Edvinsson, Thomas Harley - PP : Ronnie Attard - PK : Simon Edvinsson, Thomas Harley
Penalty Shots
Nick Foligno, Yegor Chinakhov, Nils Hoglander, Fabian Zetterlund, Boris Katchouk
% Time on Ice - Peoria Rivermen
Lines # - Real PCT - Wanted PCT - Time Play
Normal Forward
1 - 30% - 30% - 12:40
2 - 30% - 30% - 12:41
3 - 24% - 25% - 10:11
4 - 16% - 15% - 6:49
Normal Defense
1 - 35% - 35% - 14:53
2 - 31% - 35% - 13:12
3 - 34% - 30% - 14:16
4 - 0% - 0% - 0:00
PP Forward
1 - 54% - 50% - 3:47
2 - 46% - 50% - 3:10
PP Defense
1 - 50% - 50% - 3:27
2 - 50% - 50% - 3:30
PK Forward
1 - 49% - 50% - 5:13
2 - 51% - 50% - 5:29
PK Defense
1 - 49% - 50% - 5:16
2 - 51% - 50% - 5:26
PK3 Forward
1 - 0% - 50%
2 - 0% - 50%
PK3 Defense
1 - 0% - 50%
2 - 0% - 50%
44 Forward
1 - 0% - 50%
2 - 0% - 50%
44 Defense
1 - 0% - 50%
2 - 0% - 50%
Last Minute Offensive - 0:00
Last Minute Defensive - 0:00
Total
Forward - 60:00
Defense - 60:00
|
% Time on Ice - Atlantic City Gamblers
Lines # - Real PCT - Wanted PCT - Time Play
Normal Forward
1 - 28% - 30% - 11:56
2 - 30% - 30% - 12:52
3 - 22% - 25% - 9:21
4 - 19% - 15% - 8:12
Normal Defense
1 - 32% - 30% - 13:28
2 - 31% - 30% - 13:16
3 - 25% - 25% - 10:45
4 - 11% - 15% - 4:52
PP Forward
1 - 50% - 50% - 5:21
2 - 50% - 50% - 5:21
PP Defense
1 - 50% - 50% - 5:18
2 - 50% - 50% - 5:24
PK Forward
1 - 50% - 50% - 3:27
2 - 50% - 50% - 3:30
PK Defense
1 - 46% - 50% - 3:10
2 - 54% - 50% - 3:47
PK3 Forward
1 - 0% - 50%
2 - 0% - 50%
PK3 Defense
1 - 0% - 50%
2 - 0% - 50%
44 Forward
1 - 0% - 50%
2 - 0% - 50%
44 Defense
1 - 0% - 50%
2 - 0% - 50%
Last Minute Offensive - 0:00
Last Minute Defensive - 0:00
Total
Forward - 60:00
Defense - 60:00
|
Play-by-Play
1st period
0:01 of 1st period - Dakota Joshua wins face-off versus Nick Foligno in neutral zone.
0:10 of 1st period - Backhand shot by Ryan Lomberg.
0:10 of 1st period - Stopped by Brian Elliott with a rebound.
0:12 of 1st period - Slapshot by Ryan Lomberg.
0:12 of 1st period - Shot Misses the Net.
0:14 of 1st period - Snap shot by Ryan Lomberg.
0:14 of 1st period - Stopped by Brian Elliott with a rebound.
0:16 of 1st period - Slapshot by Jalen Chatfield.
0:16 of 1st period - Shot Blocked by Yegor Chinakhov.
0:51 of 1st period - Nicolas Hague is hit by Connor Mackey and loses puck.
1:31 of 1st period - Alex Beaucage is hit by Matthew Kessel and loses puck.
1:57 of 1st period - Minor Penalty to Filip Roos for Holding Stick.
1:58 of 1st period - Nick Foligno wins face-off versus Dakota Joshua in Atlantic City Gamblers zone.
2:14 of 1st period - Icing by Jalen Chatfield.
2:15 of 1st period - Nick Foligno wins face-off versus Dakota Joshua in Peoria Rivermen zone.
2:51 of 1st period - Snap shot by Yegor Chinakhov.
2:51 of 1st period - Shot Blocked by Jalen Chatfield.
3:41 of 1st period - Wrist shot by Sasha Chmelevski.
3:41 of 1st period - Goal by Sasha Chmelevski - Peoria Rivermen : 1 - Atlantic City Gamblers : 0.
3:42 of 1st period - Curtis Lazar wins face-off versus Jean-Luc Foudy in neutral zone.
4:18 of 1st period - Snap shot by Boris Katchouk.
4:18 of 1st period - Stopped by Zachary Fucale without a rebound.
4:19 of 1st period - Yegor Chinakhov wins face-off versus Georgii Merkulov in Peoria Rivermen zone.
4:46 of 1st period - Yegor Zamula is hit by Fabian Zetterlund and loses puck.
5:23 of 1st period - Georgii Merkulov is hit by Hendrix Lapierre and loses puck.
6:12 of 1st period - Icing by Cal Foote.
6:13 of 1st period - Jean-Luc Foudy wins face-off versus Curtis Lazar in Atlantic City Gamblers zone.
6:46 of 1st period - Slapshot by Nick Foligno.
6:46 of 1st period - Deflect By Nils Hoglander.
6:46 of 1st period - Shot Misses the Net.
6:46 of 1st period - Puck is out of play.
6:47 of 1st period - Oskar Sundqvist wins face-off versus Jean-Luc Foudy in Peoria Rivermen zone.
7:12 of 1st period - Sasha Chmelevski is hit by Nils Hoglander and loses puck.
7:39 of 1st period - Snap shot by Jakob Pelletier.
7:39 of 1st period - Stopped by Brian Elliott with a rebound.
8:21 of 1st period - Minor Penalty to Tyler Tucker for Holding.
8:22 of 1st period - Dakota Joshua wins face-off versus Nick Foligno in Peoria Rivermen zone.
8:36 of 1st period - Wrist shot by Nils Hoglander.
8:36 of 1st period - Shot Misses the Net.
10:14 of 1st period - Icing by Thomas Harley.
10:15 of 1st period - Nick Foligno wins face-off versus Jesper Froden in Atlantic City Gamblers zone.
10:21 of 1st period - Penalty to Tyler Tucker is over, Tyler Tucker is back on ice.
10:29 of 1st period - Minor Penalty to Linus Karlsson for High sticking.
10:30 of 1st period - Curtis Lazar wins face-off versus Nick Foligno in Atlantic City Gamblers zone.
10:34 of 1st period - Slapshot by Curtis Lazar.
10:34 of 1st period - Stopped by Brian Elliott with a rebound.
10:36 of 1st period - Slapshot by Connor Mackey.
10:36 of 1st period - Deflect By Radim Zohorna.
10:36 of 1st period - Shot Misses the Net.
10:36 of 1st period - Puck is out of play.
10:37 of 1st period - Nick Foligno wins face-off versus Tyler Pitlick in Atlantic City Gamblers zone.
10:46 of 1st period - Wrist shot by Tyler Pitlick.
10:46 of 1st period - Shot Misses the Net.
11:44 of 1st period - Snap shot by Sasha Chmelevski.
11:44 of 1st period - Goal by Sasha Chmelevski - Peoria Rivermen : 2 - Atlantic City Gamblers : 0.
11:45 of 1st period - Nick Foligno wins face-off versus Dakota Joshua in neutral zone.
11:47 of 1st period - Off-side.
11:48 of 1st period - Nils Hoglander wins face-off versus Dakota Joshua in neutral zone.
12:14 of 1st period - Snap shot by Jesper Froden.
12:14 of 1st period - Stopped by Brian Elliott with a rebound.
12:16 of 1st period - Slapshot by Niko Mikkola.
12:16 of 1st period - Stopped by Brian Elliott with a rebound.
12:18 of 1st period - Slapshot by Jalen Chatfield.
12:18 of 1st period - Shot Misses the Net.
12:20 of 1st period - Snap shot by Jesper Froden.
12:20 of 1st period - Shot Misses the Net.
12:22 of 1st period - Snap shot by Jalen Chatfield.
12:22 of 1st period - Shot Blocked by Nils Hoglander.
12:24 of 1st period - Backhand shot by Curtis Lazar.
12:24 of 1st period - Stopped by Brian Elliott without a rebound.
12:25 of 1st period - Jean-Luc Foudy wins face-off versus Oskar Sundqvist in Atlantic City Gamblers zone.
12:25 of 1st period - Jean-Luc Foudy is hit by Tyler Pitlick.
13:31 of 1st period - Wrist shot by Oskar Sundqvist.
13:31 of 1st period - Goal by Oskar Sundqvist - Peoria Rivermen : 3 - Atlantic City Gamblers : 0.
13:32 of 1st period - Jean-Luc Foudy wins face-off versus Dakota Joshua in neutral zone.
13:44 of 1st period - Jean-Luc Foudy beats up Tyler Tucker.
13:44 of 1st period - Penalty to Jean-Luc Foudy for Fighting.
13:44 of 1st period - Penalty to Tyler Tucker for Fighting.
13:45 of 1st period - Dakota Joshua wins face-off versus Boris Katchouk in neutral zone.
13:54 of 1st period - Snap shot by Sasha Chmelevski.
13:54 of 1st period - Shot Misses the Net.
13:56 of 1st period - Wrist shot by Dakota Joshua.
13:56 of 1st period - Goal by Dakota Joshua - Peoria Rivermen : 4 - Atlantic City Gamblers : 0.
13:57 of 1st period - Nick Foligno wins face-off versus Dakota Joshua in neutral zone.
14:29 of 1st period - Snap shot by Oskar Sundqvist.
14:29 of 1st period - Goal by Oskar Sundqvist - Peoria Rivermen : 5 - Atlantic City Gamblers : 0.
14:30 of 1st period - Dakota Joshua wins face-off versus Boris Katchouk in neutral zone.
14:34 of 1st period - Minor Penalty to Cal Foote for High sticking.
14:35 of 1st period - Nick Foligno wins face-off versus Curtis Lazar in Atlantic City Gamblers zone.
15:10 of 1st period - Slapshot by Dakota Joshua.
15:10 of 1st period - Stopped by Brian Elliott with a rebound.
15:12 of 1st period - Wrist shot by Niko Mikkola.
15:12 of 1st period - Shot Misses the Net.
15:14 of 1st period - Snap shot by Jalen Chatfield.
15:14 of 1st period - Stopped by Brian Elliott with a rebound.
15:18 of 1st period - Snap shot by Sasha Chmelevski.
15:18 of 1st period - Shot Misses the Net.
16:34 of 1st period - Penalty to Cal Foote is over, Cal Foote is back on ice.
17:37 of 1st period - Icing by Hendrix Lapierre.
17:38 of 1st period - Dakota Joshua wins face-off versus Hendrix Lapierre in Atlantic City Gamblers zone.
18:12 of 1st period - Wrist shot by Alexander Holtz.
18:12 of 1st period - Shot Blocked by Jalen Chatfield.
18:14 of 1st period - Wrist shot by Cal Foote.
18:14 of 1st period - Stopped by Zachary Fucale with a rebound.
18:18 of 1st period - Snap shot by Alexander Holtz.
18:18 of 1st period - Deflect By Boris Katchouk.
18:18 of 1st period - Shot Hit the Post.
18:18 of 1st period - Puck is out of play.
18:19 of 1st period - Boris Katchouk wins face-off versus Dakota Joshua in Peoria Rivermen zone.
19:09 of 1st period - Nicolas Hague is hit by Tyler Tucker and loses puck.
19:11 of 1st period - Connor Mackey beats up Linus Karlsson.
19:11 of 1st period - Penalty to Linus Karlsson for Fighting.
19:11 of 1st period - Penalty to Connor Mackey for Fighting.
19:11 of 1st period - Penalty to Connor Mackey for instigated a fight.
19:11 of 1st period - Penalty to Connor Mackey for instigated a fight.
19:12 of 1st period - Jean-Luc Foudy wins face-off versus Curtis Lazar in Peoria Rivermen zone.
19:58 of 1st period - Jean-Luc Foudy is hit by Dakota Joshua and loses puck.
Goals for this period are 5 for Peoria Rivermen vs 0 for Atlantic City Gamblers.
Shots for this period are 14 for Peoria Rivermen vs 2 for Atlantic City Gamblers.
2nd period
0:01 of 2nd period - Nick Foligno wins face-off versus Curtis Lazar in neutral zone.
0:31 of 2nd period - Snap shot by Fabian Zetterlund.
0:31 of 2nd period - Shot Misses the Net.
1:11 of 2nd period - Penalty to Connor Mackey is over, Jesper Froden is send on ice.
1:15 of 2nd period - Slapshot by Ryan Lomberg.
1:15 of 2nd period - Shot Misses the Net.
2:18 of 2nd period - Wrist shot by Yegor Chinakhov.
2:18 of 2nd period - Stopped by Zachary Fucale with a rebound.
2:36 of 2nd period - Snap shot by Alexander Holtz.
2:36 of 2nd period - Shot Blocked by Matthew Kessel.
3:26 of 2nd period - Jesper Froden is hit by Alex Beaucage and loses puck.
3:49 of 2nd period - Boris Katchouk is hit by Dakota Joshua and loses puck.
4:00 of 2nd period - Nick Foligno is hit by Curtis Lazar and loses puck.
4:15 of 2nd period - Niko Mikkola is hit by Nicolas Hague and loses puck.
5:45 of 2nd period - Tyler Tucker is hit by Thomas Harley and loses puck.
5:56 of 2nd period - Fabian Zetterlund is hit by Tyler Tucker.
6:10 of 2nd period - Tyler Tucker is hit by Boris Katchouk and loses puck.
7:05 of 2nd period - Oskar Sundqvist is hit by Nils Hoglander and loses puck.
7:27 of 2nd period - Thomas Harley is hit by Jonas Rondbjerg and loses puck.
7:56 of 2nd period - Snap shot by Egor Sokolov.
7:56 of 2nd period - Shot Misses the Net.
8:02 of 2nd period - Snap shot by Egor Sokolov.
8:02 of 2nd period - Stopped by Zachary Fucale without a rebound.
8:03 of 2nd period - Nick Foligno wins face-off versus Oskar Sundqvist in Peoria Rivermen zone.
8:04 of 2nd period - Wrist shot by Yegor Chinakhov.
8:04 of 2nd period - Stopped by Zachary Fucale without a rebound.
8:05 of 2nd period - Oskar Sundqvist wins face-off versus Nick Foligno in Peoria Rivermen zone.
8:20 of 2nd period - Simon Edvinsson is hit by Tyler Pitlick and loses puck.
8:40 of 2nd period - Wrist shot by Georgii Merkulov.
8:40 of 2nd period - Shot Misses the Net.
9:03 of 2nd period - Wrist shot by Boris Katchouk.
9:03 of 2nd period - Shot Blocked by Yegor Zamula.
9:46 of 2nd period - Jakub Lauko and Niko Mikkola fight to a draw.
9:46 of 2nd period - Penalty to Jakub Lauko for Fighting.
9:46 of 2nd period - Penalty to Niko Mikkola for Fighting.
9:47 of 2nd period - Jean-Luc Foudy wins face-off versus Ryan Lomberg in neutral zone.
10:15 of 2nd period - Snap shot by Hendrix Lapierre.
10:15 of 2nd period - Stopped by Zachary Fucale with a rebound.
10:17 of 2nd period - Minor Penalty to Ryan Lomberg for Roughing.
10:18 of 2nd period - Curtis Lazar wins face-off versus Nick Foligno in Peoria Rivermen zone.
10:33 of 2nd period - Snap shot by Nils Hoglander.
10:33 of 2nd period - Shot Misses the Net.
10:56 of 2nd period - Snap shot by Sasha Chmelevski.
10:56 of 2nd period - Stopped by Brian Elliott with a rebound.
10:58 of 2nd period - Slapshot by Yegor Zamula.
10:58 of 2nd period - Stopped by Brian Elliott without a rebound.
10:59 of 2nd period - Dakota Joshua wins face-off versus Yegor Chinakhov in Atlantic City Gamblers zone.
12:04 of 2nd period - Nicolas Hague is hit by Jesper Froden and loses puck.
12:17 of 2nd period - Penalty to Ryan Lomberg is over, Ryan Lomberg is back on ice.
12:25 of 2nd period - Yegor Chinakhov is hit by Jakob Pelletier and loses puck.
12:44 of 2nd period - Wrist shot by Oskar Sundqvist.
12:44 of 2nd period - Shot Misses the Net.
12:56 of 2nd period - Jonathan Gruden is hit by Egor Sokolov and loses puck.
13:01 of 2nd period - Wrist shot by Hendrix Lapierre.
13:01 of 2nd period - Stopped by Zachary Fucale with a rebound.
13:05 of 2nd period - Snap shot by Hendrix Lapierre.
13:05 of 2nd period - Shot Misses the Net.
14:11 of 2nd period - 10 Minutes Misconduct Penalty to Connor Mackey is over.
15:04 of 2nd period - Snap shot by Egor Sokolov.
15:04 of 2nd period - Shot Misses the Net.
15:06 of 2nd period - Wrist shot by Egor Sokolov.
15:06 of 2nd period - Shot Misses the Net.
15:23 of 2nd period - Oskar Sundqvist is hit by Jakub Lauko and loses puck.
15:43 of 2nd period - Double Minor Penalty to Georgii Merkulov for Roughing.
15:44 of 2nd period - Nick Foligno wins face-off versus Dakota Joshua in Peoria Rivermen zone.
15:45 of 2nd period - Snap shot by Nils Hoglander.
15:45 of 2nd period - Shot Misses the Net.
16:10 of 2nd period - Dakota Joshua is hit by Filip Roos and loses puck.
16:19 of 2nd period - Wrist shot by Jean-Luc Foudy.
16:19 of 2nd period - Stopped by Zachary Fucale with a rebound.
17:48 of 2nd period - Niko Mikkola is hit by Nils Hoglander and loses puck.
18:05 of 2nd period - Jesper Froden is hit by Egor Sokolov and loses puck.
18:32 of 2nd period - Jean-Luc Foudy is hit by Ryan Lomberg and loses puck.
19:38 of 2nd period - Icing by Ronnie Attard.
19:39 of 2nd period - Jean-Luc Foudy wins face-off versus Oskar Sundqvist in Atlantic City Gamblers zone.
19:43 of 2nd period - Penalty to Georgii Merkulov is over, Georgii Merkulov is back on ice.
Goals for this period are 0 for Peoria Rivermen vs 0 for Atlantic City Gamblers.
Shots for this period are 2 for Peoria Rivermen vs 6 for Atlantic City Gamblers.
3rd period
0:01 of 3rd period - Nick Foligno wins face-off versus Ryan Lomberg in neutral zone.
0:04 of 3rd period - Wrist shot by Yegor Chinakhov.
0:04 of 3rd period - Stopped by Zachary Fucale without a rebound.
0:05 of 3rd period - Nick Foligno wins face-off versus Dakota Joshua in Peoria Rivermen zone.
0:08 of 3rd period - Wrist shot by Nils Hoglander.
0:08 of 3rd period - Shot Misses the Net.
0:10 of 3rd period - Wrist shot by Nick Foligno.
0:10 of 3rd period - Shot Blocked by Matthew Kessel.
0:12 of 3rd period - Snap shot by Cal Foote.
0:12 of 3rd period - Stopped by Zachary Fucale with a rebound.
0:14 of 3rd period - Slapshot by Cal Foote.
0:14 of 3rd period - Shot Misses the Net.
0:16 of 3rd period - Slapshot by Nick Foligno.
0:16 of 3rd period - Shot Misses the Net.
0:18 of 3rd period - Wrist shot by Nick Foligno.
0:18 of 3rd period - Shot Misses the Net.
0:20 of 3rd period - Slapshot by Cal Foote.
0:20 of 3rd period - Deflect By Nick Foligno.
0:20 of 3rd period - Shot Misses the Net.
0:20 of 3rd period - Puck is out of play.
0:21 of 3rd period - Curtis Lazar wins face-off versus Jean-Luc Foudy in Peoria Rivermen zone.
0:28 of 3rd period - Jean-Luc Foudy is hit by Matthew Kessel and loses puck.
0:33 of 3rd period - Snap shot by Jakob Pelletier.
0:33 of 3rd period - Deflect By Jesper Froden.
0:33 of 3rd period - Stopped by Brian Elliott with a rebound.
0:35 of 3rd period - Snap shot by Curtis Lazar.
0:35 of 3rd period - Shot Blocked by Thomas Harley.
0:37 of 3rd period - Wrist shot by Yegor Zamula.
0:37 of 3rd period - Shot Blocked by Filip Roos.
0:53 of 3rd period - Wrist shot by Ryan Lomberg.
0:53 of 3rd period - Shot Misses the Net.
1:04 of 3rd period - Icing by Filip Roos.
1:05 of 3rd period - Oskar Sundqvist wins face-off versus Linus Karlsson in Atlantic City Gamblers zone.
1:06 of 3rd period - Slapshot by Tyler Pitlick.
1:06 of 3rd period - Stopped by Brian Elliott with a rebound.
1:08 of 3rd period - Snap shot by Tyler Pitlick.
1:08 of 3rd period - Stopped by Brian Elliott with a rebound.
1:10 of 3rd period - Wrist shot by Radim Zohorna.
1:10 of 3rd period - Shot Misses the Net.
1:35 of 3rd period - Snap shot by Fabian Zetterlund.
1:35 of 3rd period - Stopped by Zachary Fucale without a rebound.
1:36 of 3rd period - Curtis Lazar wins face-off versus Jean-Luc Foudy in Peoria Rivermen zone.
1:51 of 3rd period - Slapshot by Nicolas Hague.
1:51 of 3rd period - Shot Misses the Net.
2:08 of 3rd period - Snap shot by Nils Hoglander.
2:08 of 3rd period - Shot Misses the Net.
2:12 of 3rd period - Snap shot by Nick Foligno.
2:12 of 3rd period - Shot Blocked by Ryan Lomberg.
2:42 of 3rd period - Icing by Niko Mikkola.
2:43 of 3rd period - Hendrix Lapierre wins face-off versus Tyler Pitlick in Peoria Rivermen zone.
2:44 of 3rd period - Snap shot by Egor Sokolov.
2:44 of 3rd period - Shot Blocked by Jalen Chatfield.
2:47 of 3rd period - Icing by Jalen Chatfield.
2:48 of 3rd period - Oskar Sundqvist wins face-off versus Jean-Luc Foudy in Peoria Rivermen zone.
2:53 of 3rd period - Snap shot by Oskar Sundqvist.
2:53 of 3rd period - Deflect By Tyler Pitlick.
2:53 of 3rd period - Stopped by Brian Elliott with a rebound.
2:55 of 3rd period - Slapshot by Radim Zohorna.
2:55 of 3rd period - Stopped by Brian Elliott without a rebound.
2:56 of 3rd period - Curtis Lazar wins face-off versus Nick Foligno in Atlantic City Gamblers zone.
2:57 of 3rd period - Snap shot by Jakob Pelletier.
2:57 of 3rd period - Stopped by Brian Elliott with a rebound.
2:59 of 3rd period - Snap shot by Jakob Pelletier.
2:59 of 3rd period - Shot Misses the Net.
3:01 of 3rd period - Slapshot by Matthew Kessel.
3:01 of 3rd period - Stopped by Brian Elliott with a rebound.
3:05 of 3rd period - Snap shot by Curtis Lazar.
3:05 of 3rd period - Shot Misses the Net.
3:09 of 3rd period - Wrist shot by Jesper Froden.
3:09 of 3rd period - Stopped by Brian Elliott without a rebound.
3:09 of 3rd period - Nick Foligno beats up Matthew Kessel.
3:09 of 3rd period - Penalty to Nick Foligno for Fighting.
3:09 of 3rd period - Penalty to Matthew Kessel for Fighting.
3:09 of 3rd period - Penalty to Matthew Kessel for instigated a fight.
3:09 of 3rd period - Penalty to Matthew Kessel for instigated a fight.
3:10 of 3rd period - Dakota Joshua wins face-off versus Yegor Chinakhov in Atlantic City Gamblers zone.
3:17 of 3rd period - Wrist shot by Nils Hoglander.
3:17 of 3rd period - Deflect By Boris Katchouk.
3:17 of 3rd period - Goal by Boris Katchouk - Peoria Rivermen : 5 - Atlantic City Gamblers : 1.
3:18 of 3rd period - Dakota Joshua wins face-off versus Jean-Luc Foudy in neutral zone.
3:44 of 3rd period - Yegor Chinakhov is hit by Jakob Pelletier and loses puck.
4:17 of 3rd period - Snap shot by Hendrix Lapierre.
4:17 of 3rd period - Stopped by Zachary Fucale with a rebound.
4:29 of 3rd period - Jakub Lauko is hit by Jonathan Gruden.
4:33 of 3rd period - Snap shot by Fabian Zetterlund.
4:33 of 3rd period - Stopped by Zachary Fucale with a rebound.
4:45 of 3rd period - Wrist shot by Sasha Chmelevski.
4:45 of 3rd period - Stopped by Brian Elliott without a rebound.
4:46 of 3rd period - Linus Karlsson wins face-off versus Dakota Joshua in Atlantic City Gamblers zone.
4:51 of 3rd period - Snap shot by Boris Katchouk.
4:51 of 3rd period - Shot Misses the Net.
4:59 of 3rd period - Boris Katchouk and Connor Mackey fight to a draw.
4:59 of 3rd period - Penalty to Boris Katchouk for Fighting.
4:59 of 3rd period - Penalty to Connor Mackey for Fighting.
5:00 of 3rd period - Curtis Lazar wins face-off versus Egor Sokolov in Atlantic City Gamblers zone.
5:01 of 3rd period - Snap shot by Jakob Pelletier.
5:01 of 3rd period - Stopped by Brian Elliott with a rebound.
5:03 of 3rd period - Snap shot by Jakob Pelletier.
5:03 of 3rd period - Shot Misses the Net.
5:07 of 3rd period - Wrist shot by Jakob Pelletier.
5:07 of 3rd period - Deflect By Curtis Lazar.
5:07 of 3rd period - Stopped by Brian Elliott with a rebound.
5:58 of 3rd period - Snap shot by Tyler Pitlick.
5:58 of 3rd period - Shot Misses the Net.
6:24 of 3rd period - Ronnie Attard is hit by Jesper Froden and loses puck.
6:50 of 3rd period - Ronnie Attard and Ryan Lomberg fight to a draw.
6:50 of 3rd period - Penalty to Ronnie Attard for Fighting.
6:50 of 3rd period - Penalty to Ryan Lomberg for Fighting.
6:51 of 3rd period - Jean-Luc Foudy wins face-off versus Dakota Joshua in Peoria Rivermen zone.
6:52 of 3rd period - Snap shot by Fabian Zetterlund.
6:52 of 3rd period - Stopped by Zachary Fucale with a rebound.
7:03 of 3rd period - Icing by Sasha Chmelevski.
7:04 of 3rd period - Dakota Joshua wins face-off versus Egor Sokolov in Peoria Rivermen zone.
7:17 of 3rd period - Snap shot by Dakota Joshua.
7:17 of 3rd period - Shot Hit the Post.
7:46 of 3rd period - Icing by Fabian Zetterlund.
7:47 of 3rd period - Curtis Lazar wins face-off versus Jean-Luc Foudy in Atlantic City Gamblers zone.
7:52 of 3rd period - Snap shot by Jakob Pelletier.
7:52 of 3rd period - Deflect By Jesper Froden.
7:52 of 3rd period - Stopped by Brian Elliott with a rebound.
9:00 of 3rd period - Nicolas Hague is hit by Niko Mikkola and loses puck.
9:03 of 3rd period - Slapshot by Cal Foote.
9:03 of 3rd period - Stopped by Zachary Fucale with a rebound.
9:05 of 3rd period - Slapshot by Cal Foote.
9:05 of 3rd period - Deflect By Jean-Luc Foudy.
9:05 of 3rd period - Shot Misses the Net.
9:05 of 3rd period - Puck is out of play.
9:06 of 3rd period - Nick Foligno wins face-off versus Oskar Sundqvist in Peoria Rivermen zone.
9:07 of 3rd period - Wrist shot by Yegor Chinakhov.
9:07 of 3rd period - Deflect By Nils Hoglander.
9:07 of 3rd period - Stopped by Zachary Fucale with a rebound.
9:10 of 3rd period - Thomas Harley beats up Radim Zohorna.
9:10 of 3rd period - Penalty to Thomas Harley for Fighting.
9:10 of 3rd period - Penalty to Radim Zohorna for Fighting.
9:11 of 3rd period - Nick Foligno wins face-off versus Oskar Sundqvist in Peoria Rivermen zone.
9:36 of 3rd period - Tyler Tucker is hit by Simon Edvinsson.
9:40 of 3rd period - Snap shot by Sasha Chmelevski.
9:40 of 3rd period - Shot Misses the Net.
9:46 of 3rd period - Niko Mikkola is hit by Egor Sokolov and loses puck.
9:59 of 3rd period - Hendrix Lapierre is hit by Georgii Merkulov and loses puck.
10:14 of 3rd period - Backhand shot by Tyler Pitlick.
10:14 of 3rd period - Shot Blocked by Cal Foote.
10:16 of 3rd period - Snap shot by Tyler Pitlick.
10:16 of 3rd period - Deflect By Oskar Sundqvist.
10:16 of 3rd period - Stopped by Brian Elliott with a rebound.
10:26 of 3rd period - Dakota Joshua is hit by Linus Karlsson and loses puck.
10:53 of 3rd period - Tyler Pitlick is hit by Jakub Lauko and loses puck.
11:20 of 3rd period - Georgii Merkulov is hit by Nick Foligno and loses puck.
11:44 of 3rd period - Jalen Chatfield is hit by Simon Edvinsson and loses puck.
11:55 of 3rd period - Nicolas Hague is hit by Jesper Froden and loses puck.
12:06 of 3rd period - Yegor Chinakhov is hit by Dakota Joshua and loses puck.
12:25 of 3rd period - Alexander Holtz is hit by Connor Mackey and loses puck.
13:04 of 3rd period - Minor Penalty to Nick Foligno for Slashing.
13:05 of 3rd period - Linus Karlsson wins face-off versus Curtis Lazar in Atlantic City Gamblers zone.
13:15 of 3rd period - Off-side.
13:16 of 3rd period - Nils Hoglander wins face-off versus Dakota Joshua in neutral zone.
13:34 of 3rd period - Icing by Tyler Tucker.
13:35 of 3rd period - Linus Karlsson wins face-off versus Ryan Lomberg in Peoria Rivermen zone.
13:36 of 3rd period - Wrist shot by Yegor Chinakhov.
13:36 of 3rd period - Stopped by Zachary Fucale without a rebound.
13:37 of 3rd period - Curtis Lazar wins face-off versus Linus Karlsson in Peoria Rivermen zone.
13:44 of 3rd period - Yegor Chinakhov is hit by Georgii Merkulov and loses puck.
13:49 of 3rd period - Wrist shot by Tyler Pitlick.
13:49 of 3rd period - Shot Misses the Net.
13:53 of 3rd period - Wrist shot by Curtis Lazar.
13:53 of 3rd period - Stopped by Brian Elliott with a rebound.
14:03 of 3rd period - Cal Foote is hit by Niko Mikkola and loses puck.
14:10 of 3rd period - Penalty to Thomas Harley is over, Thomas Harley is back on ice.
14:46 of 3rd period - Tyler Pitlick is hit by Filip Roos and loses puck.
15:04 of 3rd period - Penalty to Nick Foligno is over, Nick Foligno is back on ice.
15:15 of 3rd period - Snap shot by Nicolas Hague.
15:15 of 3rd period - Shot Misses the Net.
15:21 of 3rd period - Hendrix Lapierre is hit by Georgii Merkulov and loses puck.
15:51 of 3rd period - Backhand shot by Boris Katchouk.
15:51 of 3rd period - Stopped by Zachary Fucale with a rebound.
15:53 of 3rd period - Slapshot by Simon Edvinsson.
15:53 of 3rd period - Shot Misses the Net.
16:24 of 3rd period - Snap shot by Hendrix Lapierre.
16:24 of 3rd period - Stopped by Zachary Fucale without a rebound.
16:25 of 3rd period - Jean-Luc Foudy wins face-off versus Dakota Joshua in Peoria Rivermen zone.
16:38 of 3rd period - Slapshot by Fabian Zetterlund.
16:38 of 3rd period - Stopped by Zachary Fucale without a rebound.
16:39 of 3rd period - Nick Foligno wins face-off versus Curtis Lazar in Peoria Rivermen zone.
16:40 of 3rd period - Slapshot by Yegor Chinakhov.
16:40 of 3rd period - Shot Misses the Net.
17:12 of 3rd period - Wrist shot by Fabian Zetterlund.
17:12 of 3rd period - Shot Misses the Net.
17:14 of 3rd period - Snap shot by Jakub Lauko.
17:14 of 3rd period - Stopped by Zachary Fucale with a rebound.
17:16 of 3rd period - Wrist shot by Fabian Zetterlund.
17:16 of 3rd period - Stopped by Zachary Fucale with a rebound.
17:18 of 3rd period - Slapshot by Cal Foote.
17:18 of 3rd period - Shot Misses the Net.
17:44 of 3rd period - Yegor Zamula beats up Ronnie Attard.
17:44 of 3rd period - Penalty to Ronnie Attard for Fighting.
17:44 of 3rd period - Penalty to Yegor Zamula for Fighting.
17:45 of 3rd period - Dakota Joshua wins face-off versus Nick Foligno in neutral zone.
18:09 of 3rd period - 10 Minutes Misconduct Penalty to Matthew Kessel is over.
18:35 of 3rd period - Nicolas Hague is hit by Connor Mackey and loses puck.
18:56 of 3rd period - Slapshot by Thomas Harley.
18:56 of 3rd period - Stopped by Zachary Fucale with a rebound.
18:58 of 3rd period - Wrist shot by Hendrix Lapierre.
18:58 of 3rd period - Shot Misses the Net.
19:15 of 3rd period - Slapshot by Thomas Harley.
19:15 of 3rd period - Stopped by Zachary Fucale with a rebound.
19:17 of 3rd period - Snap shot by Yegor Chinakhov.
19:17 of 3rd period - Stopped by Zachary Fucale without a rebound.
19:18 of 3rd period - Nick Foligno wins face-off versus Dakota Joshua in Peoria Rivermen zone.
19:18 of 3rd period - Thomas Harley and Jalen Chatfield fight to a draw.
19:18 of 3rd period - Penalty to Thomas Harley for Fighting.
19:18 of 3rd period - Penalty to Jalen Chatfield for Fighting.
19:19 of 3rd period - Oskar Sundqvist wins face-off versus Nick Foligno in Peoria Rivermen zone.
19:21 of 3rd period - Double Minor Penalty to Niko Mikkola for High sticking.
19:22 of 3rd period - Nick Foligno wins face-off versus Dakota Joshua in Peoria Rivermen zone.
19:54 of 3rd period - Connor Mackey is hit by Fabian Zetterlund and loses puck.
Goals for this period are 0 for Peoria Rivermen vs 1 for Atlantic City Gamblers.
Shots for this period are 14 for Peoria Rivermen vs 18 for Atlantic City Gamblers.
Back to the Top